 Dungeon Crawl Stone Soup version 0.22-a0-810-g93d1441 (webtiles) character file.

293225 suicidejoker the Warrior (level 21, 0/116 HPs)
             Began as a Gargoyle Fighter on July 23, 2018.
             Was an Initiate of Gozag.
             Splashed by an acid blob's acid (6 damage)
             ... created by the Royal Jelly
             ... on level 5 of the Pits of Slime.
             The game lasted 02:06:55 (39018 turns).

suicidejoker the Warrior (Gargoyle Fighter)        Turns: 39018, Time: 02:06:55

Health: 0/116      AC: 34    Str: 26    XL:     21   Next: 20%
Magic:  29/29      EV: 15    Int: 11    God:    Gozag
Gold:   102        SH: 18    Dex: 18    Spells: 19/20 levels left

rFire    + + .     SeeInvis .   F - +10 mace of Infinite Pain {freeze, Fragile +Fly rElec Str+4}
rCold    + . .     Gourm    .   c - +3 shield
rNeg     + + .     Faith    .   x - +2 plate armour {rF+}
rPois    ∞         Spirit   .   (helmet restricted)
rElec    +         Reflect  .   z - +0 cloak of a sewer {rN+ MR+ Str-4 Dex+4} (curse)
rCorr    +         Harm     .   q - +2 pair of gloves
MR       ++...                  y - +2 pair of boots
Stlth    ..........             U - amulet of regeneration
HPRegen  0.69/turn              C - +3 ring of slaying
MPRegen  0.21/turn              w - ring of resist corrosion

@: mighty, resistant, corroded, very slightly contaminated, hasted, very quick
A: big wings, horns 1, molten scales 1, rugged brown scales 1, clumsy 1,
deformed body, deterioration 2, frail 2, negative energy resistance 1, shaggy
fur 1, electricity resistance, unbreathing, petrification resistance, no potion
heal 1, rot immunity, AC +16
}: 1/15 runes: gossamer
a: Fly, Potion Petition, Call Merchant, Bribe Branch, Renounce Religion, Evoke
Flight


You were on level 5 of the Pits of Slime.
You worshipped Gozag.
Gozag was aware of your devotion.
You were near starving.

You visited 7 branches of the dungeon, and saw 36 of its levels.

You collected 14669 gold pieces.
You spent 2164 gold pieces at shops.
You paid 12403 gold pieces to Gozag.

Inventory:

Hand Weapons
 a - a +1 long sword of flaming
 A - a +9 long sword
 F - the +10 mace of Infinite Pain (weapon) {freeze, Fragile +Fly rElec Str+4}
   (You found it on level 2 of the Lair of Beasts)

   It has been specially enchanted to freeze those struck by it, causing extra
   injury to most foes and up to half again as much damage against particularly
   susceptible opponents.
   It can also slow down cold-blooded creatures.
   It affects your strength (+4).
   It insulates you from electricity.
   It lets you fly.
   It will be destroyed if unequipped.
 W - the +9 quick blade of the Jester {protect, rC+ Stlth+}
   (You found it on level 2 of the Lair of Beasts)

   It protects the one who uses it against injury (+AC on strike).
   It protects you from cold.
   It makes you more stealthy.
Missiles
 d - 19 javelins
 v - 27 tomahawks (quivered)
Armour
 c - a +3 shield (worn)
 q - a +2 pair of gloves (worn)
 x - a +2 plate armour of fire resistance (worn)
 y - a +2 pair of boots (worn)
 z - the cursed +0 cloak of a sewer (worn) {rN+ MR+ Str-4 Dex+4}
   (You found it on level 3 of the Spider Nest)

   It affects your strength (-4).
   It affects your dexterity (+4).
   It protects you from negative energy.
   It affects your resistance to hostile enchantments.
   It has a curse placed upon it.
Jewellery
 l - an uncursed ring of see invisible
 m - a +2 amulet of reflection
 n - an uncursed ring of protection from magic
 s - an uncursed ring of magical power
 w - a ring of resist corrosion (right hand)
 C - a +3 ring of slaying (left hand)
 D - an uncursed ring of protection from fire
 H - an uncursed amulet of guardian spirit
 J - a +5 ring of evasion
 L - an uncursed ring of stealth
 O - an uncursed ring of magical power
 U - an amulet of regeneration (around neck)
 Z - an uncursed ring of protection from fire
Wands
 b - a wand of random effects (15)
 p - a wand of disintegration (1)
 u - a wand of flame (88)
 E - a wand of paralysis (36)
 I - a wand of digging (25)
 M - a wand of polymorph (21)
Scrolls
 e - 5 scrolls of amnesia
 h - 3 scrolls of fear
 i - 5 scrolls of magic mapping
 k - 8 scrolls of identify
 r - 3 scrolls of immolation
 G - 7 scrolls of teleportation
 P - 7 scrolls of remove curse
 V - 3 scrolls of enchant weapon
 X - 2 scrolls of fog
Potions
 g - 2 potions of brilliance
 j - 5 potions of curing
 o - a potion of agility
 K - 3 potions of magic
 N - 3 potions of ambrosia
 T - 3 potions of lignification
Miscellaneous
 B - a lightning rod (inert)
 R - a phial of floods (inert)
Comestibles
 f - 22 rations


   Skills:
 + Level 17.4 Fighting
 + Level 14.7 Long Blades
   Level 4.3(9.8) Axes
 * Level 14.3(14.5) Maces & Flails
 + Level 14.7 Armour
 + Level 11.5 Dodging
 + Level 14.8 Shields
 + Level 11.6 Evocations


You had 19 spell levels left.
You knew the following spells:

 Your Spells              Type           Power        Failure   Level  Hunger
a - Apportation           Tloc           #.....       94%         1    ##.....

Your spell library contained the following spells:

 Spells                   Type           Power        Failure   Level  Hunger
 Cause Fear               Hex            #.........   100%        4    #####..
 Magic Dart               Conj           #...         94%         1    ##.....
 Conjure Flame            Conj/Fire      #.......     100%        3    ####...
 Lightning Bolt           Conj/Air       #.........   100%        5    ######.
 Bolt of Magma            Conj/Fire/Erth #.........   100%        5    ######.
 Slow                     Hex            #.......     98%         2    ###....
 Mephitic Cloud           Conj/Pois/Air  #.......     100%        3    ####...
 Venom Bolt               Conj/Pois      #.........   100%        5    ######.
 Olgreb's Toxic Radiance  Pois           #.......     100%        4    #####..
 Teleport Other           Tloc           #.......     100%        3    ####...
 Death's Door             Chrm/Necr      #.........   100%        8    #######
 Summon Small Mammal      Summ           #...         94%         1    ##.....
 Blink                    Tloc           N/A          98%         2    ###....
 Animate Skeleton         Necr           N/A          94%         1    ##.....
 Haunt                    Necr/Summ      #.........   100%        7    #######
 Borgnjor's Revivificati  Necr           #.........   100%        8    #######
 Summon Ice Beast         Ice/Summ       #.......     100%        4    #####..
 Call Imp                 Summ           #.......     98%         2    ###....
 Sting                    Conj/Pois      #...         94%         1    ##.....
 Iron Shot                Conj/Erth      #.........   100%        6    #######
 Shock                    Conj/Air       #...         94%         1    ##.....
 Swiftness                Chrm/Air       #.......     98%         2    ###....
 Spider Form              Tmut/Pois      #.........   100%        3    ####...
 Blade Hands              Tmut           #.........   100%        5    ######.
 Ice Form                 Ice/Tmut       #.......     100%        4    #####..
 Necromutation            Tmut/Necr      #.........   100%        8    #######
 Airstrike                Air            #.........   100%        4    #####..
 Confusing Touch          Hex            #.....       94%         1    ##.....
 Sticks to Snakes         Tmut           #.......     98%         2    ###....
 Call Canine Familiar     Summ           #.......     100%        3    ####...
 Static Discharge         Conj/Air       #.......     100%        3    ####...
 Corona                   Hex            #......      94%         1    ##.....
 Portal Projectile        Hex/Tloc       #.....       100%        3    ####...
 Passage of Golubria      Tloc           N/A          100%        4    #####..
 Orb of Destruction       Conj           #.........   100%        7    #######
 Leda's Liquefaction      Hex/Erth       #.........   100%        4    #####..
 Shroud of Golubria       Chrm/Tloc      #.........   98%         2    ###....
 Inner Flame              Hex/Fire       #.......     100%        3    ####...
 Beastly Appendage        Tmut           #.....       94%         1    ##.....
 Iskenderun's Battlesphe  Conj/Chrm      #.......     100%        5    ######.
 Summon Lightning Spire   Summ/Air       #.......     100%        4    #####..
 Summon Guardian Golem    Hex/Summ       #.......     100%        3    ####...
 Spellforged Servitor     Conj/Summ      #.........   100%        7    #######
 Gell's Gravitas          Tloc           #.........   100%        3    ####...
 Infestation              Necr           #.........   100%        8    #######
 Lesser Beckoning         Tloc           #.........   100%        3    ####...
 Poisonous Vapours        Pois/Air       #.....       98%         2    ###....


Dungeon Overview and Level Annotations

Branches:
Dungeon (15/15)            Temple (0/1) D:5            Lair (6/6) D:8
  Swamp (0/4) Lair:2       Spider (4/4) Lair:2        Slime (5/5) Lair:5
    Orc (2/2) D:9             Elf (0/3) Orc:2        Vaults (3/5) D:13
  Crypt (0/3) Vaults:3     Depths (1/5) D:15

Altars:
Ashenzari
Cheibriados
Dithmenos
Fedhas
Gozag
Hepliaklqana
Kikubaaqudgha
Makhleb
Nemelex Xobeh
Okawaru
Qazlal
Ru
Sif Muna
Trog
Vehumet
Xom
Yredelemnul
The Shining One
Beogh
Jiyva

Shops:
D:1 (?   D:8 !   Orc:2 *[*(=   Vaults:3 =

Portals:
Trove: D:12 (give +3 shadow dragon scales)

Annotations:
D:7 1 runed door, MongoFromTheCongo's ghost, novice MiBe
D:13 exclusion: 2 oklob plants
Lair:1 exclusion: oklob plant
Lair:2 exclusion: oklob plant
Slime:5 Royal Jelly


Innate Abilities, Weirdness & Mutations

You are resistant to torment.
Your stone body is resilient. (AC +16)
You are immune to poison.
Your large and strong wings let you fly indefinitely.
You resist negative energy. (rN+)
You are resistant to electric shocks. (rElec)
You can survive without breathing.
You are immune to petrification.
You are immune to rotting.
You have a pair of small horns on your head.
You are partially covered in molten scales. (AC +2)
You are partially covered in rugged brown scales. (AC +1, +3% HP)
You are clumsy. (Dex -2)
Armour fits poorly on your strangely shaped body.
Your body often deteriorates upon taking damage.
You are very frail. (-20% HP)
You are covered in fur. (AC +1)
Potions are less effective at restoring your health.


Message History

Purchase which effect?
You no longer have enough gold to petition Gozag for potion effects.
You feel yourself speed up.
You feel protected.
You feel very mighty all of a sudden. The acid blob spits acid at you.
The splash of acid hits you! The acid corrodes you!
You are splashed with acid!
The acid burns!
You resist.
* * * LOW HITPOINT WARNING * * *
The acid blob spits acid at you. The splash of acid hits you! You resist.
* * * LOW HITPOINT WARNING * * *
You are splashed with acid!
The acid burns!
You resist.
* * * LOW HITPOINT WARNING * * *
Your system partially rejects the healing.
You feel better. The acid blob spits acid at you. The splash of acid hits you!
You are splashed with acid!
The acid burns!
You resist.
You die...
Your body crumbles into a pile of gold.

## ##### #.#### ##...##...#.##
##.#....#.....# ##
#####.......$.....##
#.##..........<.......#
##.......@..............
##.......................
##........J...............
###.........................
#..........J................
####.........J..................
#.#..........J..................
##...............................
.................................


You could see 2 acid blobs, an azure jelly and a death ooze.

Vanquished Creatures
  Saint Roka (Vaults:3)
  Frederick (Vaults:2)
  Arachne (Spider:2)
  Rupert (Lair:6)
  Asterion (Spider:3)
  13 acid blobs
  2 sphinxes
  A tengu reaver (Vaults:3)
  Agnes (Spider:2)
  8 azure jellies
  A frost giant (Vaults:1)
  4 ghost moths
  An orc warlord (Orc:2)
  7 vault wardens
  2 deep elf sorcerers (Vaults:2)
  6 emperor scorpions
  A stone giant (Vaults:3)
  11 ironheart preservers
  8 entropy weavers
  A spark wasp (Spider:4)
  3 ettins
  2 deep elf death magi (Vaults:1)
  A fire dragon (D:15)
  4 great orbs of eyes
  A death ooze (Slime:5)
  11 hydras
  8 yaktaur captains
  13 ogre magi
  Josephine (Lair:6)
  Fannar (D:12)
  2 ice dragons
  4 vault guards (D:13)
  A rakshasa (Vaults:3)
  A catoblepas (Lair:6)
  5 centaur warriors
  Erica (Lair:1)
  32 two-headed ogres
  A death knight (D:15)
  A vampire mage (Vaults:3)
  A tengu warrior (D:15)
  3 death yaks (Lair:6)
  2 deep troll shamans
  A deep troll earth mage (Vaults:1)
  4 orc high priests (Orc:2)
  Urug (Lair:4)
  4 deep elf knights
  A shadow wraith (Vaults:3)
  5 skeletal warriors
  2 unseen horrors
  A glowing orange brain (Vaults:3)
  A sea snake (shapeshifter) (Vaults:3)
  Pikel (D:4)
  3 wizards
  5 deep trolls
  3 phantasmal warriors
  7 deep elf archers
  A lindwurm (Orc:2)
  6 harpies
  17 orc knights
  22 orb spiders
  5 orc sorcerers
  A necromancer (Vaults:3)
  10 deep elf magi
  38 wolf spiders
  15 ironbrand convokers
  40 ugly things
  3 shining eyes
  A manticore (D:15)
  A faun (shapeshifter) (Vaults:3)
  2 moths of wrath
  5 cyclopes
  Maurice (D:9)
  A salamander (shapeshifter) (D:15)
  Joseph (D:8)
  8 vault sentinels
  11 elephants (Lair:6)
  2 torpor snails
  3 black mambas
  4 gargoyles
  An eye of devastation (Slime:4)
  A centaur skeleton (D:15)
  21 spiny frogs
  7 komodo dragons
  A yaktaur (shapeshifter) (Vaults:1)
  24 yaktaurs (Vaults:1)
  4 freezing wraiths
  3 efreet
  2 redback zombies
  20 demonic crawlers
  A komodo dragon (shapeshifter) (Vaults:3)
  2 tengu conjurers
  6 trolls
  39 jumping spiders
  A polar bear (shapeshifter) (Vaults:3)
  2 meliai (shapeshifter)
  4 polar bears (Lair:6)
  7 hornets
  Prince Ribbit (D:6)
  11 dream sheep
  A tengu simulacrum (Vaults:3)
  A blink frog (shapeshifter) (Vaults:1)
  6 blink frogs
  12 hippogriffs
  55 slime creatures
  28 tarantellas
  10 wraiths
  77 redbacks
  Sigmund (D:6)
  3 hogs (D:9)
  A shadow (Vaults:3)
  33 yaks
  A vampire (D:11)
  2 wyverns
  A human (D:9)
  5 basilisks
  3 golden eyes (Slime:3)
  7 vampire mosquitoes
  A yaktaur simulacrum (Vaults:1)
  3 hungry ghosts
  Menkaure (D:7)
  A human simulacrum (Vaults:1)
  17 water moccasins
  8 wargs
  3 acid dragons
  A soldier ant (D:13)
  Duvessa (D:6)
  7 porcupines (Lair:1)
  39 orc warriors
  A hornet zombie (D:11)
  A slave (D:4)
  A swamp drake (D:9)
  3 ice beasts
  2 black bears
  3 phantoms
  2 necrophages
  A sky beast (D:9)
  21 wolves
  5 eyes of draining
  6 boggarts
  37 ogres
  4 centaurs
  20 crocodiles
  A big kobold (D:11)
  15 bullfrogs
  A glowing shapeshifter simulacrum (Vaults:3)
  A water moccasin zombie (D:11)
  A hornet simulacrum (Vaults:1)
  5 scorpions
  Dowan (D:6)
  An elf simulacrum (Vaults:3)
  14 killer bees
  16 wights
  12 howler monkeys
  8 electric eels
  6 crimson imps
  4 hounds
  2 quasits
  2 centaur zombies
  21 orc priests
  4 jellies
  35 orc wizards
  4 bullfrog skeletons
  An iron imp (D:6)
  Jessica (D:2)
  A gnoll shaman (D:4)
  9 iguanas
  5 hell rats (Lair:6)
  13 worker ants
  2 hound skeletons
  A worker ant zombie (D:10)
  A river rat (Lair:6)
  11 adders
  8 gnolls (D:4)
  A shadow imp (D:12)
  An ooze (D:4)
  An adder zombie (D:9)
  2 adder skeletons (D:4)
  3 worms
  5 leopard geckos
  96 orcs
  7 giant cockroaches
  9 goblins
  7 hobgoblins
  6 quokkas
  5 bats
  2 frilled lizards
  6 kobolds
  12 rats
1372 creatures vanquished.

Vanquished Creatures (collateral kills)
  A tengu warrior (D:15)
  A tengu conjurer (D:15)
  2 orc warriors (Vaults:3)
  An adder (D:12)
5 creatures vanquished.

Vanquished Creatures (others)
  A ghost moth (Spider:2)
  A wolf spider (Spider:4)
  3 slime creatures
  A jumping spider (Spider:4)
  2 boggarts (Vaults:2)
  2 ogres
  Blork the orc (D:4)
  An orc wizard (Orc:2)
  An adder (D:8)
  A quokka (D:4)
  A bush (Lair:6)
  21 fungi
  16 plants (Lair:6)
52 creatures vanquished.

Grand Total: 1429 creatures vanquished

Notes
Turn   | Place    | Note
-------+----------+-------------------------------------------
     0 | D:1      | suicidejoker the Gargoyle Fighter began the quest for the Orb.
     0 | D:1      | Reached XP level 1. HP: 14/14 MP: 1/1
    76 | D:1      | Reached XP level 2. HP: 18/19 MP: 2/2
   439 | D:1      | Reached XP level 3. HP: 24/24 MP: 3/3
   451 | D:1      | Reached skill level 4 in Fighting
   453 | D:1      | Found a sparkling altar of Nemelex Xobeh.
   919 | D:2      | Reached XP level 4. HP: 22/30 MP: 4/4
  1088 | D:2      | Noticed Jessica
  1108 | D:2      | Killed Jessica
  1178 | D:2      | Found an opulent altar of Gozag.
  1211 | D:2      | Became a worshipper of Gozag Ym Sagoz the Greedy
  1615 | D:3      | Reached XP level 5. HP: 33/34 MP: 5/5
  1915 | D:3      | Found a glowing golden altar of the Shining One.
  2152 | D:4      | Noticed an ogre
  2157 | D:4      | Killed an ogre
  2157 | D:4      | Reached skill level 5 in Fighting
  2248 | D:4      | Reached XP level 6. HP: 40/41 MP: 6/6
  2262 | D:4      | Found a shadowy altar of Dithmenos.
  2324 | D:4      | Found a radiant altar of Vehumet.
  2340 | D:4      | Noticed a slave
  2341 | D:4      | Noticed a slave
  2343 | D:4      | Noticed Pikel
  2344 | D:4      | Noticed a slave
  2378 | D:4      | Killed a slave
  2387 | D:4      | Reached skill level 6 in Fighting
  2397 | D:4      | Reached XP level 7. HP: 27/47 MP: 7/7
  2451 | D:4      | Killed Pikel
  2451 | D:4      | Reached skill level 7 in Fighting
  2451 | D:4      | Reached XP level 8. HP: 27/54 MP: 8/8
  2558 | D:4      | Killed Blork the orc
  2689 | D:4      | Reached skill level 8 in Fighting
  2847 | D:4      | Found a sacrificial altar of Ru.
  3183 | D:5      | Entered Level 5 of the Dungeon
  3331 | D:5      | Reached skill level 9 in Fighting
  3543 | D:5      | Found a staircase to the Ecumenical Temple.
  3547 | D:5      | Reached XP level 9. HP: 31/60 MP: 9/9
  3819 | D:5      | Found a deep blue altar of Sif Muna.
  3986 | D:5      | Found a basalt altar of Yredelemnul.
  4191 | D:5      | Found a burning altar of Makhleb.
  4202 | D:5      | Noticed a green death
  4404 | D:6      | Noticed Prince Ribbit
  4429 | D:6      | Killed Prince Ribbit
  4510 | D:6      | Reached skill level 10 in Fighting
  4529 | D:6      | Noticed Sigmund
  4529 | D:6      | Noticed Duvessa
  4529 | D:6      | Noticed Dowan
  4533 | D:6      | Killed Dowan
  4538 | D:6      | Killed Sigmund
  4546 | D:6      | Killed Duvessa
  4643 | D:6      | Found an iron altar of Okawaru.
  4814 | D:6      | Found a snail-covered altar of Cheibriados.
  5099 | D:6      | Found a bloodstained altar of Trog.
  5459 | D:7      | Noticed Menkaure
  5468 | D:7      | Killed Menkaure
  5475 | D:7      | Reached skill level 11 in Fighting
  5480 | D:7      | Reached XP level 10. HP: 41/69 MP: 10/10
  5519 | D:7      | Noticed MongoFromTheCongo's ghost (novice MiBe)
  5522 | D:7      | Found a runed door.
  6266 | D:8      | Found Emufak's Distillery.
  6269 | D:8      | Bought 2 potions of heal wounds for 130 gold pieces
  6269 | D:8      | Bought a potion of heal wounds for 65 gold pieces
  6269 | D:8      | Bought a potion of heal wounds for 65 gold pieces
  6269 | D:8      | Bought a potion of might for 52 gold pieces
  6269 | D:8      | Bought 2 potions of curing for 78 gold pieces
  6269 | D:8      | Bought a potion of might for 52 gold pieces
  6269 | D:8      | Bought 2 potions of curing for 78 gold pieces
  6269 | D:8      | Bought a potion of haste for 130 gold pieces
  6269 | D:8      | Bought 2 potions of curing for 78 gold pieces
  6330 | D:8      | Noticed a cyclops
  6338 | D:8      | Killed a cyclops
  6338 | D:8      | Reached skill level 1 in Dodging
  6683 | D:8      | Noticed Joseph
  6726 | D:8      | Killed Joseph
  6726 | D:8      | Reached skill level 5 in Armour
  6731 | D:8      | Reached skill level 5 in Shields
  7173 | D:8      | Found a staircase to the Lair.
  7182 | D:8      | Reached XP level 11. HP: 45/76 MP: 11/11
  7467 | D:8      | Reached skill level 10 in Long Blades
  7501 | D:8      | Noticed a two-headed ogre
  7514 | D:8      | Killed a two-headed ogre
  7514 | D:8      | Reached skill level 12 in Fighting
  7614 | D:8      | Found a hazy altar of Hepliaklqana.
  7616 | D:8      | Found a shimmering altar of Xom.
  7965 | D:9      | Noticed Maurice
  7991 | D:9      | Killed Maurice
  8101 | D:9      | Found a stormy altar of Qazlal.
  8306 | D:9      | Found a staircase to the Orcish Mines.
  8615 | D:9      | Found an ancient bone altar of Kikubaaqudgha.
  8714 | D:10     | Entered Level 10 of the Dungeon
  9021 | D:10     | Noticed an unseen horror
  9028 | D:10     | Killed an unseen horror
 10005 | D:11     | Reached skill level 1 in Evocations
 10857 | D:12     | Reached XP level 12. HP: 82/82 MP: 13/13
 10864 | D:12     | Found a portal to a secret trove of treasure.
 11178 | D:12     | Noticed Fannar
 11221 | D:12     | Killed Fannar
 12062 | D:13     | Reached skill level 5 in Dodging
 12237 | D:13     | Noticed a centaur warrior
 12258 | D:13     | Killed a centaur warrior
 12517 | D:13     | Noticed an ettin
 12529 | D:13     | Noticed a vault guard
 12550 | D:13     | Killed an ettin
 12673 | D:13     | Killed a vault guard
 12673 | D:13     | Reached skill level 13 in Fighting
 12732 | D:13     | Noticed a six-headed hydra
 12743 | D:13     | Killed a one-headed hydra
 12764 | D:13     | Noticed a vault guard
 12772 | D:13     | Noticed a centaur warrior
 12777 | D:13     | Killed a vault guard
 12786 | D:13     | Killed a centaur warrior
 13020 | D:13     | Noticed a vault guard
 13038 | D:13     | Killed a vault guard
 13038 | D:13     | Reached XP level 13. HP: 82/88 MP: 16/16
 13136 | D:13     | Found a gate to the Vaults.
 13229 | D:13     | Found a blossoming altar of Fedhas.
 13419 | D:13     | Noticed a vault guard
 13438 | D:13     | Killed a vault guard
 13686 | D:14     | Found a shattered altar of Ashenzari.
 14380 | D:14     | Got an encrusted battleaxe
 14386 | D:14     | Identified the +5 battleaxe of Fimbulwinter {drain, rElec rPois MR+ MP+9} (You found it on level 14 of the Dungeon)
 14623 | D:15     | Entered Level 15 of the Dungeon
 14628 | D:15     | Noticed an ogre mage
 14642 | D:15     | Gained mutation: You are agile. (Dex +2) [potion of mutation]
 14642 | D:15     | Gained mutation: Your large and strong wings let you fly indefinitely. [potion of mutation]
 14642 | D:15     | Gained mutation: Your flesh is cold resistant. (rC+) [potion of mutation]
 14647 | D:15     | Reached skill level 1 in Axes
 14651 | D:15     | Killed an ogre mage
 14660 | D:15     | Reached skill level 5 in Evocations
 15177 | D:15     | Mutation became permanent: Your large and strong wings let you fly indefinitely. [Gargoyle growth]
 15177 | D:15     | Gained mutation: Your large and strong wings let you fly indefinitely. [Gargoyle growth]
 15177 | D:15     | Reached XP level 14. HP: 62/95 MP: 3/18
 15412 | D:15     | Lost mutation: Your flesh is cold resistant. (rC+) [potion of mutation]
 15412 | D:15     | Lost mutation: You are agile. (Dex +2) [potion of mutation]
 15412 | D:15     | Gained mutation: You are covered in fur. (AC +1) [potion of mutation]
 15412 | D:15     | Gained mutation: You are partially covered in molten scales. (AC +2) [potion of mutation]
 15412 | D:15     | Gained mutation: You are partially covered in rugged brown scales. (AC +1, +3% HP) [potion of mutation]
 15412 | D:15     | Gained mutation: You have a pair of small horns on your head. [potion of mutation]
 15685 | D:15     | Found a staircase to the Depths.
 16016 | D:15     | Reached skill level 14 in Fighting
 16096 | Depths:1 | Entered Level 1 of the Depths
 16361 | D:1      | Bought a scroll of identify for 30 gold pieces
 16361 | D:1      | Bought a scroll of identify for 30 gold pieces
 16361 | D:1      | Bought a scroll of teleportation for 45 gold pieces
 16361 | D:1      | Bought a scroll of identify for 30 gold pieces
 16361 | D:1      | Bought a scroll of identify for 30 gold pieces
 16361 | D:1      | Bought a scroll of enchant weapon for 112 gold pieces
 16534 | Orc:1    | Entered Level 1 of the Orcish Mines
 16718 | Orc:2    | Entered Level 2 of the Orcish Mines
 16750 | Orc:2    | Found a roughly hewn altar of Beogh.
 16758 | Orc:2    | Found a staircase to the Elven Halls.
 16760 | Orc:2    | Found Foasy's Assorted Antiques.
 16791 | Orc:2    | Bought an ichor-stained shortbow for 280 gold pieces
 16791 | Orc:2    | Bought a potion of lignification for 105 gold pieces
 16791 | Orc:2    | Bought a scroll of enchant armour for 262 gold pieces
 16791 | Orc:2    | Bought a potion of heal wounds for 175 gold pieces
 16791 | Orc:2    | Identified the cursed +0 shortbow "Usyr" {velocity, *Corrode +Inv rN+} (You bought it in a shop on level 2 of the Orcish Mines)
 16820 | Orc:2    | Noticed an orc warlord
 16828 | Orc:2    | Reached skill level 10 in Shields
 17060 | Orc:2    | Reached skill level 10 in Armour
 17468 | Orc:2    | Killed an orc warlord
 18324 | Orc:2    | Found Moegen's Antique Armour Shop.
 18325 | Orc:2    | Found Kinigeph's Antique Weapon Shop.
 18327 | Orc:2    | Found Lodgheto's General Store.
 18327 | Orc:2    | Found Xoell's Jewellery Boutique.
 18343 | Orc:2    | Bought a +2 amulet of reflection for 97 gold pieces
 19006 | Lair:1   | Entered Level 1 of the Lair of Beasts
 19453 | Lair:1   | Noticed Erica
 19464 | Lair:1   | Killed Erica
 20058 | Lair:2   | Found a hole to the Spider Nest.
 20090 | Lair:2   | Got a polished mace
 20091 | Lair:2   | Identified the +10 mace of Infinite Pain {freeze, Fragile +Fly rElec Str+4} (You found it on level 2 of the Lair of Beasts)
 20180 | Lair:2   | Reached skill level 1 in Maces & Flails
 20183 | Lair:2   | Found a staircase to the Swamp.
 20659 | Lair:2   | Got a brightly glowing quick blade
 20989 | Lair:2   | Identified the +9 quick blade of the Jester {protect, rC+ Stlth+} (You found it on level 2 of the Lair of Beasts)
 21051 | Lair:3   | Reached XP level 15. HP: 97/104 MP: 20/20
 21842 | Lair:4   | Noticed Urug
 21857 | Lair:4   | Killed Urug
 23117 | Lair:5   | Found a viscous altar of Jiyva.
 23118 | Lair:5   | Found a staircase to the Slime Pits.
 23505 | Lair:5   | Learned a level 1 spell: Apportation
 23520 | Lair:6   | Entered Level 6 of the Lair of Beasts
 23719 | Lair:6   | Noticed Josephine
 23732 | Lair:6   | Killed Josephine
 23775 | Lair:6   | Reached skill level 5 in Maces & Flails
 24144 | Lair:6   | Noticed Rupert
 24156 | Lair:6   | Killed Rupert
 24637 | Lair:6   | Reached XP level 16. HP: 91/110 MP: 22/22
 24837 | Lair:6   | Reached skill level 15 in Fighting
 25285 | Spider:1 | Entered Level 1 of the Spider Nest
 25965 | Spider:2 | Noticed Agnes
 26071 | Spider:2 | Noticed Arachne
 26093 | Spider:2 | Killed Arachne
 26181 | Spider:2 | Killed Agnes
 26658 | Spider:3 | Noticed Asterion
 26669 | Spider:3 | Killed Asterion
 27005 | Spider:3 | Reached XP level 17. HP: 116/116 MP: 23/23
 27144 | Spider:3 | Got a distressingly furry cloak
 27150 | Spider:3 | Identified the cursed +0 cloak of a sewer {rN+ MR+ Str-4 Dex+4} (You found it on level 3 of the Spider Nest)
 27277 | Spider:3 | Identified the +1 shortbow of Symmetry {venom, rF+ Str+4} (You found it on level 3 of the Spider Nest)
 27943 | Spider:4 | Entered Level 4 of the Spider Nest
 29551 | Spider:4 | Reached skill level 10 in Maces & Flails
 29844 | Spider:4 | Reached XP level 18. HP: 115/123 MP: 25/25
 30015 | Spider:4 | Got a gossamer rune of Zot
 30306 | Vaults:1 | Entered Level 1 of the Vaults
 30621 | Vaults:1 | Reached skill level 16 in Fighting
 30622 | Vaults:1 | Reached skill level 10 in Dodging
 31120 | Vaults:1 | Reached skill level 10 in Evocations
 32000 | Vaults:1 | Reached XP level 19. HP: 130/130 MP: 26/26
 32320 | Vaults:2 | Noticed Frederick
 32329 | Vaults:2 | Killed Frederick
 33431 | Vaults:2 | Identified the cursed +0 chain mail "Irioleh" {-Cast rPois rF+++} (You found it on level 2 of the Vaults)
 34456 | Vaults:3 | Reached XP level 20. HP: 136/136 MP: 28/28
 34529 | Vaults:3 | Found Civennops's Jewellery Shop.
 34537 | Vaults:3 | Bought an uncursed ring of resist corrosion for 240 gold pieces
 34667 | Vaults:3 | HP: 1/306 [white ugly thing (28)]
 34838 | Vaults:3 | Found a staircase to the Crypt.
 35066 | Vaults:3 | Reached skill level 17 in Fighting
 35180 | Vaults:3 | Noticed Saint Roka
 35224 | Vaults:3 | Killed Saint Roka
 36314 | Slime:1  | Entered Level 1 of the Pits of Slime
 36933 | Slime:3  | Gained mutation: Potions are less effective at restoring your health. [a shining eye]
 36943 | Slime:3  | Gained mutation: You are frail. (-10% HP) [a shining eye]
 37164 | Slime:5  | Entered Level 5 of the Pits of Slime
 37366 | Slime:3  | Found a viscous altar of Jiyva.
 38026 | Slime:5  | Found a viscous altar of Jiyva.
 38027 | Slime:5  | Noticed the Royal Jelly
 38053 | Slime:4  | Gained mutation: Armour fits poorly on your strangely shaped body. [a shining eye]
 38062 | Slime:4  | Gained mutation: Your body sometimes deteriorates upon taking damage. [a shining eye]
 38065 | Slime:4  | Gained mutation: You are clumsy. (Dex -2) [a shining eye]
 38068 | Slime:4  | Gained mutation: Your body often deteriorates upon taking damage. [a shining eye]
 38071 | Slime:4  | Gained mutation: You are very frail. (-20% HP) [a shining eye]
 38080 | Slime:4  | Reached XP level 21. HP: 63/115 MP: 0/29
 39016 | Slime:5  | HP: 1/116 [acid[the Royal Jelly] (5)]
 39018 | Slime:5  | Splashed by an acid blob's acid

Vault maps used:
D:1:      dpeg_arrival_subterranean_lakeside_camping,
          nemelex_xobeh_ov_fountains_minmay
D:2:      grunt_gozag_breadcrumbs, uniq_jessica
D:3:      tso_altar
D:4:      vehumet_crystals, nicolae_overflow_crystal_walls, lemuel_doored_altar,
          uniq_pikel, uniq_blork_the_orc
D:5:      led_sif_pool, kennysheep_little_box, makhleb_altar_promises_db,
          minmay_temple_entry_water_ring, first_ration
D:6:      kennysheep_mini_moat, slow_altar_2, bloody_trog, uniq_duvessa,
          uniq_prince_ribbit1, uniq_sigmund
D:7:      hellmonk_ghost_happy_afterlife, uniq_menkaure
D:8:      regret_index_temple_of_mockery, erik_lair_island, serial_shops, shop,
          uniq_joseph
D:9:      kiku_gazebo_pond_becter, nicolae_qazlal_style_of_elements, erik_orc_1,
          grunt_livestock, uniq_maurice
D:11:     kennysheep_small_circle
D:12:     nicolae_trove_entry_crossroad, uniq_fannar
D:13:     lightli_vaults_fourway_checkpoint, hangedman_tree_tricks,
          kennysheep_just_a_vault
D:14:     solitary_fountain, evilmike_ruin_ashenzari
D:15:     grunt_enter_depths_hoard, hangedman_abyss_or_decor_stabs
Lair:1:   nicolae_quartered_pool_medium, beast_lair_carwin_1,
          infiniplex_staircase_pool, minmay_lair_oklob_chamber,
          lemuel_fruit_tree, grunt_megastairs_3, uniq_erica
Lair:2:   swamp_mist, spider_nest_entry_webs, serial_bayou_pond_b,
          minmay_lair_oklob_bushes
Lair:3:   grunt_megastairs_5, infiniplex_staircase_pool_2, lemuel_fruit_fields
Lair:4:   lemuel_fruit_fields, uniq_urug
Lair:5:   slime_altar_1
Lair:6:   grunt_lair_end_beastmaster, kennysheep_abandoned_house,
          serial_bayou_shore_a, uniq_josephine, uniq_rupert
Spider:2: nicolae_spider_webbed_stairs, uniq_agnes, uniq_arachne
Spider:3: uniq_asterion
Spider:4: grunt_spider_rune_parallel
Slime:3:  basic_altar
Orc:1:    serial_shops, nicolae_shop_crystal
Orc:2:    st_orc_congregation, lab_entry_generic,
          nicolae_volcano_entry_vermiform, serial_shops, nicolae_shop_crystal,
          basic_altar
Vaults:1: v_misc_14, hangedman_vaults_stagger,
          vaults_standard_mumra_enter_the_diamond, v_pattern_5,
          ontoclasm_vaults_gateway, nicolae_vaults_big_angled_halls,
          dpeg_vaults_monster_row, nicolae_vaults_lopsided_apartments,
          hangedman_vaults_cutoff, v_rooms_6, ontoclasm_vaults_loading_screen
Vaults:2: vaults_room_grunt_arrival_ludios, v_alt_pattern_4,
          hangedman_vaults_capsules, st_cells, vaults_mumra_hex,
          nicolae_vaults_what_the_h, vaults_mumra_chevron, v_pattern_2,
          nicolae_vaults_mini_display_case, vaults_room_ringed_pool,
          uniq_frederick
Vaults:3: minmay_crypt_entry_simple_box, nicolae_vaults_network_square,
          ontoclasm_vaults_idyll, grunt_vaults_bifocal,
          ontoclasm_vaults_shuriken, nicolae_vaults_puzzle_piece,
          vaults_mumra_hexcomb, hangedman_vaults_pinch, v_alt_pattern_5,
          serial_ice_g, vaults_mumra_minichess_inversion, ontoclasm_vaults_echo,
          vaults_room_hallway, serial_shops, shop_statue, uniq_saint_roka
Depths:1: hangedman_coc_ice_floe, serial_corexii_hall, corexii_hall_statues_l,
          corexii_hall_statues_x, minmay_evil_grid

Skill      XL: |  1  2  3  4  5  6  7  8  9 10 11 12 13 14 15 16 17 18 19 20 |
---------------+-------------------------------------------------------------+-----
Long Blades    | 2 3 4 6 7 9 10 11 12 13 14 | 14.7
Fighting       | 4 5 6 7 9 11 12 13 14 15 16 17 | 17.4
Dodging        | 2 4 5 6 7 8 9 10 11 | 11.5
Armour         | 5 6 8 9 10 11 12 13 14 | 14.7
Shields        | 5 6 8 9 10 11 12 13 14 | 14.8
Evocations     | 1 4 5 7 8 9 10 11 | 11.6
Axes           | 4 |  4.3
Maces & Flails | 1 5 8 10 11 12 14 | 14.3

Action                   |  1- 3 |  4- 6 |  7- 9 | 10-12 | 13-15 | 16-18 | 19-21 || total
-------------------------+-------+-------+-------+-------+-------+-------+-------++-------
Melee: Long sword        |   138 |   171 |   306 |   938 |   626 |       |       ||  2179
       Battleaxe         |       |       |       |       |    44 |       |       ||    44
       Headbutt          |       |       |       |       |   241 |   569 |   476 ||  1286
       Mace              |       |       |       |       |   649 |  1787 |  1444 ||  3880
Throw: Tomahawk          |       |       |       |     4 |    10 |    19 |    11 ||    44
       Javelin           |       |       |       |       |     4 |       |       ||     4
Invok: Potion Petition   |       |       |       |       |     8 |     7 |     9 ||    24
       Call Merchant     |       |       |       |       |     2 |       |       ||     2
Evoke: Wand              |       |       |    28 |    46 |    42 |    23 |    24 ||   163
       Lightning rod     |       |       |       |     4 |    11 |    13 |    17 ||    45
       Phantom mirror    |       |       |       |       |       |     1 |       ||     1
       Phial of floods   |       |       |       |       |       |       |     3 ||     3
  Use: Scroll            |     4 |     4 |     4 |    10 |    23 |    11 |    19 ||    75
       Potion            |       |     3 |     2 |     3 |    16 |     9 |    15 ||    48
 Stab: Distracted        |       |       |     3 |     3 |     6 |     7 |     5 ||    24
       Paralysed         |       |       |    20 |     9 |     5 |    23 |    15 ||    72
       Confused          |       |       |       |     1 |     1 |       |       ||     2
       Invisible         |       |       |       |       |     6 |     7 |       ||    13
       Petrified         |       |       |       |       |       |    15 |       ||    15
  Eat: Chunk             |       |     2 |       |       |       |       |       ||     2
       Ration            |       |     1 |     3 |     9 |    11 |     8 |     7 ||    39
Armor: Scale mail        |    85 |    87 |    87 |       |       |       |       ||   259
       Ring mail         |       |       |    52 |       |       |       |       ||    52
       Plate armour      |       |       |    45 |   504 |   981 |  1252 |   600 ||  3382
       Skin              |       |       |       |       |       |       |   124 ||   124
Dodge: Dodged            |    53 |    57 |    90 |   215 |  1050 |  1315 |   646 ||  3426
Block: Shield            |    79 |    77 |   155 |   442 |  1140 |  1791 |  1133 ||  4817
       Reflection        |       |       |       |       |     3 |       |       ||     3
       Rpst.: Long sword |    21 |    20 |    13 |    54 |    48 |       |       ||   156

Table legend:
 A = Spawn XP
 B = Non-spawn XP
 C = Spawn XP percentage of total XP
 D = Spawn monster count
 E = Non-spawn monster count
 F = Spawn count percentage of total count
 G = Total turns spent on level
                    A         B        C        D         E        F      G
               +---------+---------+-------+---------+---------+-------+---------
         Total |       0 |  513063 |   0.0 |       0 |    1378 |   0.0 | 39018
               +---------+---------+-------+---------+---------+-------+---------
           D:1 |       0 |      46 |   0.0 |       0 |      26 |   0.0 |   782
           D:2 |       0 |     116 |   0.0 |       0 |      18 |   0.0 |   798
           D:3 |       0 |      18 |   0.0 |       0 |       4 |   0.0 |   662
           D:4 |       0 |    1683 |   0.0 |       0 |      28 |   0.0 |  1055
           D:5 |       0 |     642 |   0.0 |       0 |      11 |   0.0 |  1271
           D:6 |       0 |    1569 |   0.0 |       0 |      29 |   0.0 |  1017
           D:7 |       0 |    1646 |   0.0 |       0 |      29 |   0.0 |   897
           D:8 |       0 |    4845 |   0.0 |       0 |      47 |   0.0 |  1808
           D:9 |       0 |    3150 |   0.0 |       0 |      39 |   0.0 |   987
          D:10 |       0 |    2047 |   0.0 |       0 |      24 |   0.0 |  1195
          D:11 |       0 |    2524 |   0.0 |       0 |      18 |   0.0 |  1259
          D:12 |       0 |    4095 |   0.0 |       0 |      30 |   0.0 |  1056
          D:13 |       0 |   14230 |   0.0 |       0 |      52 |   0.0 |  1593
          D:14 |       0 |    1637 |   0.0 |       0 |       8 |   0.0 |  1041
          D:15 |       0 |   23802 |   0.0 |       0 |      47 |   0.0 |  1492
        Lair:1 |       0 |    5656 |   0.0 |       0 |      20 |   0.0 |  1045
        Lair:2 |       0 |    4559 |   0.0 |       0 |      15 |   0.0 |  1062
        Lair:3 |       0 |    3743 |   0.0 |       0 |      15 |   0.0 |   795
        Lair:4 |       0 |   10372 |   0.0 |       0 |      36 |   0.0 |   933
        Lair:5 |       0 |    8697 |   0.0 |       0 |      26 |   0.0 |   911
        Lair:6 |       0 |   30133 |   0.0 |       0 |      95 |   0.0 |  1700
      Spider:1 |       0 |    8269 |   0.0 |       0 |      24 |   0.0 |   501
      Spider:2 |       0 |   23552 |   0.0 |       0 |      43 |   0.0 |   755
      Spider:3 |       0 |   21875 |   0.0 |       0 |      49 |   0.0 |  1434
      Spider:4 |       0 |   56893 |   0.0 |       0 |     131 |   0.0 |  2165
       Slime:1 |       0 |    3724 |   0.0 |       0 |       6 |   0.0 |   267
       Slime:2 |       0 |    7422 |   0.0 |       0 |      10 |   0.0 |   313
       Slime:3 |       0 |    8366 |   0.0 |       0 |      16 |   0.0 |   718
       Slime:4 |       0 |   20981 |   0.0 |       0 |      25 |   0.0 |   617
       Slime:5 |       0 |   19573 |   0.0 |       0 |      18 |   0.0 |   763
         Orc:1 |       0 |    1332 |   0.0 |       0 |      14 |   0.0 |  1136
         Orc:2 |       0 |   12188 |   0.0 |       0 |      87 |   0.0 |  1281
      Vaults:1 |       0 |   77868 |   0.0 |       0 |     149 |   0.0 |  1965
      Vaults:2 |       0 |   49167 |   0.0 |       0 |      71 |   0.0 |  1742
      Vaults:3 |       0 |   76643 |   0.0 |       0 |     118 |   0.0 |  2000
               +---------+---------+-------+---------+---------+-------+---------
